 Dungeon Crawl Stone Soup version 0.28-a0-563-gf77a47075d (webtiles) character file.

Game seed: 11353195119223515

5 friend the Sneak (level 1, 0/9 HPs)
             Began as a Spriggan Enchanter on Oct 1, 2021.
             Slain by a hobgoblin (4 damage)
             ... on level 1 of the Dungeon.
             The game lasted 00:00:47 (369 turns).

friend the Sneak (Spriggan Enchanter)                Turns: 369, Time: 00:00:47

Health: 0/9        AC:  2    Str:  4    XL:     1   Next: 66%
Magic:  5/5        EV: 17    Int: 16    God:
Gold:   16         SH:  0    Dex: 15    Spells: 5/5 levels left

rFire   . . .      SeeInvis +   a - +1 dagger
rCold   . . .      Faith    .   (shield restricted)
rNeg    . . .      Spirit   .   b - +0 robe
rPois   .          Reflect  .   (helmet restricted)
rElec   .          Harm     .   (no cloak)
rCorr   .          Rampage  .   (gloves unavailable)
Will    .....                   (boots unavailable)
Stlth   +++.......              (no amulet)
HPRegen 0.03/turn               (no ring)
MPRegen 0.09/turn               (no ring)

@: very quick
A: very small, no large weapons, unfitting armour, see invisible, speed 3
a: no special abilities


You were on level 1 of the Dungeon.
You visited 1 branch of the dungeon, and saw 1 of its levels.

You collected 16 gold pieces.

Inventory:

Hand Weapons
 a - a +1 dagger (weapon)
Armour
 b - a +0 robe (worn)
Scrolls
 d - a scroll of identify {unknown}
Potions
 c - a potion of invisibility
 e - a potion of brilliance {unknown}


   Skills:
 + Level 1.5 Short Blades
 - Level 2.6 Dodging
 + Level 4.7 Stealth
 - Level 2.6 Spellcasting
 - Level 3.6 Hexes


You had 5 spell levels left.
You didn't know any spells.
Your spell library contained the following spells:

 Spells                   Type           Power      Damage    Failure   Level
 Confusing Touch          Hex            13%        N/A       13%         3
 Tukima's Dance           Hex            13%        N/A       13%         3
 Ensorcelled Hibernation  Hex/Ice        14%        N/A       14%         2
 Dazzling Flash           Conj/Hex       14%        N/A       28%         3


Dungeon Overview and Level Annotations

Branches:
Dungeon (1/15)

Altars:


Innate Abilities, Weirdness & Mutations

You are very small and have problems with some larger weapons.
You are too small for most types of armour.
You have supernaturally acute eyesight. (SInv)
You cover ground extremely quickly. (Speed+++)


Message History

You now have 16 gold pieces (gained 10).
A ball python comes into view.
The ball python hisses angrily.
You completely miss the ball python. The ball python barely misses you.
The ball python completely misses you.
You hit the ball python. The ball python misses you.
The ball python barely misses you.
You closely miss the ball python. The ball python closely misses you.
The ball python misses you.
You hit the ball python but do no damage.
The ball python bites you but does no damage.
The ball python barely misses you.
You hit the ball python. The ball python barely misses you.
The ball python misses you.
You hit the ball python.
You kill the ball python!
No target in view!
You see here a +0 leather armour.
An endoplasm comes into view.
The endoplasm quivers.
You hit the endoplasm. The endoplasm freezes you.
You are frozen.
You take 4 damage, and have 5/9 hp.
MASSIVE DAMAGE!!
You hit the endoplasm. The endoplasm misses you.
You hit the endoplasm.
You kill the endoplasm!
A hobgoblin comes into view.
Health restored: 9 You closely miss the hobgoblin.
You barely miss the hobgoblin. The hobgoblin misses you.
You hit the hobgoblin but do no damage. The hobgoblin hits you.
You take 1 damage, and have 8/9 hp.
You hit the hobgoblin. The hobgoblin hits you.
You take 4 damage, and have 4/9 hp.
MASSIVE DAMAGE!!
You hit the hobgoblin. The hobgoblin completely misses you.
You closely miss the hobgoblin. The hobgoblin hits you.
You die...

...........########.#.#.......
................##..#.#.......
...........####.#..##.#.......
..........## #.[.###.#.......
.........## #..## #.#.......
########## #...###.#.......
##...##.#....... #.#....#
#@####.# #g####.# ...#
#####......# ....
#..........###.....#
#..................
#..........#####.#####
#..........# #........
#..........###.....(..
#.................g...


You could see a hobgoblin.

Vanquished Creatures
  3 ball pythons (D:1)
  An endoplasm (D:1)
4 creatures vanquished.

Notes
Turn   | Place    | Note
-------+----------+-------------------------------------------
     0 | D:1      | friend the Spriggan Enchanter began the quest for the Orb.
     0 | D:1      | Reached XP level 1. HP: 9/9 MP: 5/5
   369 | D:1      | Slain by a hobgoblin

Illustrated notes

Levels and vault maps discovered:
D:1:      heliophobic_arrival_glass_houses, layout_rooms, serial_shops, shop

Action                   || total
-------------------------++-------
Melee: Dagger            ||    21
Armor: Robe              ||     1
Dodge: Dodged            ||    17

Table legend: (Time is in decaauts)
 A = Elapsed time spent in this place.
 B = Non-inter-level travel time spent in this place.
 C = Inter-level travel time spent in this place.
 D = Time resting spent in this place.
 E = Time spent auto-exploring this place.
 F = Levels seen in this place.
 G = Mean time per level.
                   A        B        C        D        E       F      G
               +--------+--------+--------+--------+--------+-----+--------+
         Total |    294 |    294 |      0 |      0 |    231 |   1 |  294.0 |
       Dungeon |    294 |    294 |      0 |      0 |    231 |   1 |  294.0 |
               +--------+--------+--------+--------+--------+-----+--------+

Top non-repeatable levels by time:
     D:1: 294 daAuts
